 Dungeon Crawl Stone Soup version 0.24-a0-446-g87df7205b4 (webtiles) character file.

Game seed: 17920182246091535829

1892 ivs the Cutter (level 9, 0/49 HPs)
             Began as a Vine Stalker Fighter on June 23, 2019.
             Was a Believer of Ru.
             Slain by an orc warrior
             ... wielding a +0 dire flail
              (9 damage)
             ... on level 11 of the Dungeon.
             The game lasted 00:26:08 (2232 turns).

ivs the Cutter (Vine Stalker Fighter)               Turns: 2232, Time: 00:26:08

Health: 0/49       AC: 13    Str: 22    XL:     9   Next: 15%
Magic:  0/10       EV: 11    Int:  8    God:    Ru [**....]
Gold:   44         SH:  0    Dex: 14    Spells: 8/8 levels left

rFire    . . .     SeeInvis .   a - +0 rapier
rCold    . . .     Gourm    +   (shield unavailable)
rNeg     . . .     Faith    .   w - +0 plate armour
rPois    .         Spirit   +   g - +0 helmet (curse)
rElec    .         Reflect  .   B - +0 cloak
rCorr    .         Harm     .   (no gloves)
MR       +....                  (no boots)
Stlth    ..........             G - amulet of the gourmand
HPRegen  0.56/turn              (ring unavailable)
MPRegen  0.12/turn              E - +5 ring of evasion

@: hasted, very quick
A: fangs 3, regeneration 1, magic shield, antimagic bite, no potion heal 3, rot
immunity, missing a hand
a: Renounce Religion


You were on level 11 of the Dungeon.
You worshipped Ru.
Ru was pleased with you.
You were not hungry.

You visited 1 branch of the dungeon, and saw 9 of its levels.

You collected 317 gold pieces.
You spent 273 gold pieces at shops.

Inventory:

Hand Weapons
 a - a +0 rapier (weapon)
Armour
 b - a +0 scale mail
 g - a cursed +0 helmet (worn)
 w - a +0 plate armour (worn)
 B - a +0 cloak (worn)
Jewellery
 c - an uncursed ring of positive energy
 y - an uncursed ring of magical power {unknown}
 E - a +5 ring of evasion (right hand)
 G - an amulet of the gourmand (around neck)
Scrolls
 h - 5 scrolls of identify {unknown}
 j - a scroll of enchant armour {unknown}
 l - 3 scrolls of amnesia {unknown}
 o - 2 scrolls of enchant weapon {unknown}
 q - 2 scrolls of remove curse {unknown}
 t - a scroll of brand weapon {unknown}
 v - a scroll of immolation {unknown}
 x - a scroll of fog {unknown}
Potions
 d - 2 potions of might
 e - a potion of mutation {unknown}
 i - 4 potions of curing
 k - a potion of heal wounds {unknown}
 m - a potion of flight {unknown}
 p - a potion of magic {unknown}
 r - a potion of degeneration {unknown}
 s - a potion of cancellation {unknown}
 z - a potion of invisibility {unknown}
Comestibles
 f - 10 rations


   Skills:
 + Level 6.5 Fighting
 + Level 7.8 Short Blades
 - Level 3.3 Throwing
 + Level 3.3 Armour


You had 8 spell levels left.
You didn't know any spells.
Your spell library contained the following spells:

 Spells                   Type           Power        Failure   Level  Hunger
 Animate Skeleton         Necr           N/A          100%        1    ##.....
 Apportation              Tloc           #.....       100%        1    ##.....
 Confusing Touch          Hex            #.....       100%        1    ##.....
 Freeze                   Ice            #...         100%        1    ##.....
 Sting                    Conj/Pois      #...         100%        1    ##.....
 Summon Small Mammal      Summ           #...         100%        1    ##.....
 Throw Frost              Conj/Ice       #.....       100%        2    ###....
 Ozocubu's Armour         Chrm/Ice       #.......     100%        3    ####...
 Olgreb's Toxic Radiance  Pois           #.......     100%        4    #####..
 Summon Ice Beast         Ice/Summ       #.......     100%        4    #####..
 Throw Icicle             Conj/Ice       #.......     100%        4    #####..
 Bolt of Cold             Conj/Ice       #.........   100%        6    #######


Dungeon Overview and Level Annotations

Branches:
Dungeon (8/15)             Temple (0/1) D:4
   Lair: D:8-11

Altars:
Ru
Xom
The Shining One

Shops:
D:4 (   D:6 !


Innate Abilities, Weirdness & Mutations

You have razor-sharp teeth.
Your natural rate of healing is unusually fast.
When hurt, damage is shared between your health and your magic reserves.
Your bite disrupts and absorbs the magic of your enemies.
Potions cannot restore your health.
You are immune to rotting.
You are missing a hand.


Message History

2 orcs and an orc warrior come into view.
The orc warrior shouts!
The orc shouts! x2
An orc comes into view.
The orc moves out of view.
Press: ? - help, v - describe, . - travel
Here: an orc warrior, wielding a +0 dire flail and wearing a cursed +0 chain mail The floor.
Unknown command.
You hit the orc warrior.
You bite the orc warrior, but do no damage.
The orc warrior is lightly wounded.
The orc warrior barely misses you.
You barely miss the orc warrior. Your bite misses the orc warrior.
The orc warrior is lightly wounded.
The orc warrior hits you with a +0 dire flail!
* * * LOW HITPOINT WARNING * * *
You hit the orc warrior.
The orc warrior is moderately wounded.
The orc warrior hits you with a +0 dire flail!
You die...

## ..
####>####
###
#.......#
...#.#
#.#@#
#..o#
###.# #o#
#oo.o.o.#
#########


You could see an orc warrior and 3 orcs.

Vanquished Creatures
  An orc warrior (D:7)
  A black bear (D:7)
  4 ogres
  3 centaurs
  A bullfrog (D:8)
  2 scorpions
  A water moccasin skeleton (D:5)
  4 killer bees (D:7)
  A howler monkey (D:6)
  A crimson imp (D:6)
  2 jellies (D:7)
  A quasit (D:6)
  An orc priest (D:7)
  8 orc wizards
  2 iguanas (D:4)
  4 worker ants
  4 gnolls
  3 adders
  2 shadow imps
  An ooze (D:4)
  2 worms
  A dart slug (D:2)
  3 leopard geckos
  15 orcs
  A ball python (D:1)
  4 giant cockroaches
  5 goblins
  2 hobgoblins (D:3)
  2 jackals (D:3)
  5 bats
  7 frilled lizards
  A jackal skeleton (D:4)
  3 kobolds
  2 leopard gecko zombies
  4 rats
104 creatures vanquished.

Vanquished Creatures (others)
  A killer bee (D:7)
  A fungus (D:8)
2 creatures vanquished.

Grand Total: 106 creatures vanquished

Notes
Turn   | Place    | Note
-------+----------+-------------------------------------------
     0 | D:1      | ivs the Vine Stalker Fighter began the quest for the Orb.
     0 | D:1      | Reached XP level 1. HP: 11/11 MP: 2/2
    89 | D:1      | Reached skill level 2 in Short Blades
   178 | D:2      | Reached XP level 2. HP: 16/16 MP: 3/3
   265 | D:2      | Reached skill level 3 in Short Blades
   294 | D:2      | Reached XP level 3. HP: 15/19 MP: 4/4
   347 | D:3      | Found a sacrificial altar of Ru.
   355 | D:3      | Became a worshipper of Ru the Awakened
   590 | D:3      | Reached skill level 1 in Throwing
   590 | D:3      | Gained mutation: Your natural rate of healing is unusually
                  | fast. [Vine Stalker growth]
   590 | D:3      | Reached XP level 4. HP: 9/23 MP: 2/5
   749 | D:4      | Noticed an ogre
   754 | D:4      | Reached skill level 4 in Short Blades
   754 | D:4      | Reached XP level 5. HP: 27/27 MP: 6/6
   765 | D:4      | Killed an ogre
   822 | D:4      | Found Jacw's Antique Weapon Emporium.
   847 | D:4      | Reached XP level 6. HP: 29/32 MP: 7/7
   961 | D:4      | Found a staircase to the Ecumenical Temple.
  1000 | D:4      | Reached skill level 5 in Short Blades
  1009 | D:4      | Gained mutation: You are missing a hand. [Ru sacrifice]
  1009 | D:4      | Reached * piety under Ru
  1009 | D:4      | Reached ** piety under Ru
  1061 | D:5      | Entered Level 5 of the Dungeon
  1324 | D:6      | Identified the Papyrus of the Toxic Frostbite
  1330 | D:6      | Reached XP level 7. HP: 33/36 MP: 8/8
  1482 | D:6      | Found Xogroex's Distillery.
  1491 | D:6      | Bought a potion of haste for 130 gold pieces
  1491 | D:6      | Bought 2 potions of might for 104 gold pieces
  1491 | D:6      | Bought a potion of curing for 39 gold pieces
  1649 | D:6      | Reached skill level 6 in Short Blades
  1738 | D:7      | Gained mutation: You have razor-sharp teeth. [Vine Stalker
                  | growth]
  1738 | D:7      | Reached XP level 8. HP: 25/42 MP: 4/9
  1754 | D:7      | Reached skill level 5 in Fighting
  1896 | D:7      | Reached skill level 7 in Short Blades
  1935 | D:7      | Found a glowing golden altar of the Shining One.
  1984 | D:7      | Found a shimmering altar of Xom.
  1986 | D:7      | Found a shimmering altar of Xom.
  1987 | D:7      | Found a shimmering altar of Xom.
  1988 | D:7      | Found a shimmering altar of Xom.
  2011 | D:7      | Found a shimmering altar of Xom.
  2011 | D:7      | Found a shimmering altar of Xom.
  2013 | D:7      | Found a shimmering altar of Xom.
  2163 | D:8      | Reached XP level 9. HP: 49/49 MP: 10/10
  2215 | D:8      | You fall into a shaft and drop 3 floors!
  2232 | D:11     | Slain by an orc warrior

Levels and vault maps discovered:
D:1:      elethiomel_arrival_shortcut, layout_loops_ring, minmay_nonomino_d4
D:2:      layout_basic
D:3:      layout_basic, first_ration, nicolae_ru_path_of_blood
D:4:      layout_gridville, temple_green, serial_shops, shop
D:5:      layout_loops_ring, item_on_display_a
D:6:      layout_basic, serial_shops, shop, st_stairs_12, uniq_grinder
D:7:      layout_loops_cross, nicolae_xom_altar_mimics, tso_oasis_becter
D:8:      layout_rooms, due_lair_maze_entry_diamond, serial_shops,
          kennysheep_little_box, shop, shop, shop
D:11:     layout_loops_ring, hangedman_ranch [blue_anna_fruit_fields], uniq_urug

Skill      XL: |  1  2  3  4  5  6  7  8  9 |
---------------+----------------------------+-----
Short Blades   | 2 3 4 5 6 7 |  7.8
Throwing       | 1 2 3 |  3.3
Shields        | 0 |  0.0
Fighting       | 3 4 6 |  6.5
Armour         | 3 |  3.3

Action                   |  1- 3 |  4- 6 |  7- 9 || total
-------------------------+-------+-------+-------++-------
Melee: Rapier            |    81 |    98 |   205 ||   384
       Bite              |    18 |    37 |    62 ||   117
Throw: Dart              |     7 |     7 |    15 ||    29
Invok: Sacrifice a Hand  |       |     1 |       ||     1
  Use: Potion            |       |       |     3 ||     3
 Stab: Distracted        |       |     1 |       ||     1
       Invisible         |       |       |     1 ||     1
  Eat: Chunk             |       |     1 |     5 ||     6
Armor: Scale mail        |    28 |    23 |    29 ||    80
       Plate armour      |       |       |    36 ||    36
Dodge: Dodged            |    13 |    28 |   101 ||   142
Block: Shield            |    27 |    28 |       ||    55

Table legend:
 A = Non-vault XP
 B = Vault XP
 C = Vault XP percentage of total XP
 D = Non-vault monster count
 E = Vault monster count
 F = Vault count percentage of total count
                 A         B        C        D         E       F
            +---------+---------+-------+---------+---------+-------
      Total |    2671 |      33 |   1.2 |     104 |       1 |   1.0
            +---------+---------+-------+---------+---------+-------
        D:1 |       8 |       0 |   0.0 |       7 |       0 |   0.0
        D:2 |      79 |       0 |   0.0 |      19 |       0 |   0.0
        D:3 |      57 |       0 |   0.0 |      15 |       0 |   0.0
        D:4 |     380 |       0 |   0.0 |      16 |       0 |   0.0
        D:5 |      82 |       0 |   0.0 |       3 |       0 |   0.0
        D:6 |     421 |      33 |   7.3 |      15 |       1 |   6.2
        D:7 |    1359 |       0 |   0.0 |      25 |       0 |   0.0
        D:8 |     285 |       0 |   0.0 |       4 |       0 |   0.0
            +---------+---------+-------+---------+---------+-------
